 Dungeon Crawl Stone Soup version 0.23.0-33-g5e6c059fef (webtiles) character file.

Game seed: 0

343593 PikkenKukken the Severer (level 23, -9/202 HPs)
             Began as a Formicid Fighter on Feb 25, 2019.
             Was the Champion of Makhleb.
             Mangled by a deep elf blademaster
             ... wielding a +0 short sword
              (12 damage)
             ... on level 3 of the Elven Halls on Feb 26, 2019.
             The game lasted 02:43:31 (45493 turns).

PikkenKukken the Severer (Formicid Fighter)        Turns: 45493, Time: 02:43:32

Health: -9/202     AC: 30    Str: 25    XL:     23   Next: 6%
Magic:  35/35      EV: 13    Int: 10    God:    Makhleb [******]
Gold:   1560       SH: 13    Dex: 14    Spells: 25/30 levels left

rFire    + + .     SeeInvis +   V - +5 battleaxe (freeze)
rCold    . . .     Gourm    .   c - +0 shield
rNeg     . . .     Faith    .   y - +3 plate armour {rPois}
rPois    +         Spirit   .   (helmet unavailable)
rElec    .         Reflect  .   R - +2 cloak {MR+}
rCorr    .         Harm     .   (no gloves)
MR       +++..     Clarity  +   (no boots)
Stlth    ..........             x - amulet of Kyosurej {rF+ Regen+ Slay+2}
HPRegen  0.83/turn              o - ring of protection from fire
MPRegen  0.24/turn              F - ring of Robustness {AC+8}

@: heavily drained
A: permanent stasis, dig shafts and tunnels, four strong arms, antennae 3,
clarity, robust 1, no potion heal 1
}: 2/15 runes: barnacled, gossamer
a: Dig, Shaft Self, Minor Destruction, Lesser Servant of Makhleb, Major
Destruction, Greater Servant of Makhleb, Renounce Religion


You were on level 3 of the Elven Halls.
You worshipped Makhleb.
Makhleb was exalted by your worship.
You were not hungry.

You visited 8 branches of the dungeon, and saw 39 of its levels.
You visited the Abyss 1 time.
You also visited: Gauntlet, Ice Cave and Volcano.

You collected 4580 gold pieces.
You spent 3020 gold pieces at shops.

Inventory:

Hand Weapons
 U - a +2 battleaxe of flaming
 V - a +5 battleaxe of freezing (weapon)
Missiles
 e - 14 throwing nets (quivered)
Armour
 c - a +0 shield (worn)
 y - a +3 plate armour of poison resistance (worn)
 R - a +2 cloak of magic resistance (worn)
Jewellery
 g - an uncursed ring of protection from cold
 o - a ring of protection from fire (left hand)
 x - the amulet of Kyosurej (around neck) {rF+ Regen+ Slay+2}
   (You found it on level 5 of the Dungeon)

   [amulet of regeneration]

   It affects your accuracy and damage with ranged weapons and melee attacks
   (+2).
   It protects you from fire.
   It increases your rate of regeneration.
 F - the ring of Robustness (right hand) {AC+8}
   (You bought it in a shop on level 2 of the Orcish Mines)

   [ring of protection]

   It affects your AC (+8).
 G - an uncursed ring of poison resistance
Wands
 j - a wand of paralysis (8)
 n - a wand of acid (8)
 s - a wand of disintegration (15)
 u - a wand of scattershot (9)
 v - a wand of flame (102)
 L - a wand of iceblast (19)
Scrolls
 b - 5 scrolls of fog
 i - 18 scrolls of remove curse
 l - 3 scrolls of enchant weapon
 m - 3 scrolls of fear
 p - 4 scrolls of amnesia
 r - 6 scrolls of identify
 A - 2 scrolls of holy word
 J - a scroll of brand weapon
 O - a scroll of torment
 S - 5 scrolls of enchant armour
Potions
 d - 5 potions of might
 h - 9 potions of resistance
 k - 7 potions of lignification
 q - 10 potions of curing
 w - 6 potions of brilliance
 z - 3 potions of magic
 B - 3 potions of cancellation
 E - a potion of experience
 H - 12 potions of agility
 I - 8 potions of ambrosia
 K - a potion of heal wounds
 M - 2 potions of invisibility
 P - 3 potions of mutation
 Y - 5 potions of flight
Miscellaneous
 C - 2 phantom mirrors
 N - 2 sacks of spiders
 T - a lamp of fire
Comestibles
 f - 48 rations


   Skills:
 + Level 16.0(12.9) Fighting
 * Level 19.7(16.4) Axes
 + Level 15.9(12.9) Armour
 + Level 13.6(10.7) Dodging
 - Level 15.0(12.0) Shields
 - Level 4.0(1.7) Spellcasting
 - Level 3.2(1.0) Necromancy
 - Level 3.4(1.2) Translocations
 - Level 16.0(12.9) Invocations
 - Level 10.7(8.0) Evocations


You had 25 spell levels left.
You knew the following spells:

 Your Spells              Type           Power        Failure   Level  Hunger
a - Passage of Golubria   Tloc           N/A          100%        4    #####..
b - Animate Skeleton      Necr           N/A          87%         1    ##.....

Your spell library contained the following spells:

 Spells                   Type           Power        Failure   Level  Hunger
 Apportation              Tloc           #.....       85%         1    ##.....
 Confusing Touch          Hex            #.....       95%         1    ##.....
 Freeze                   Ice            #...         95%         1    ##.....
 Shock                    Conj/Air       #...         95%         1    ##.....
 Sting                    Conj/Pois      #...         95%         1    ##.....
 Summon Small Mammal      Summ           #...         95%         1    ##.....
 Call Imp                 Summ           #.......     99%         2    ###....
 Ensorcelled Hibernation  Hex/Ice        #.....       99%         2    ###....
 Passwall                 Tmut/Erth      #.......     99%         2    ###....
 Poisonous Vapours        Pois/Air       #.....       99%         2    ###....
 Swiftness                Chrm/Air       #.......     99%         2    ###....
 Throw Frost              Conj/Ice       #.....       99%         2    ###....
 Call Canine Familiar     Summ           #.......     100%        3    ####...
 Mephitic Cloud           Conj/Pois/Air  #.......     100%        3    ####...
 Ozocubu's Armour         Chrm/Ice       #.......     100%        3    ####...
 Static Discharge         Conj/Air       #.......     100%        3    ####...
 Summon Guardian Golem    Hex/Summ       #.......     100%        3    ####...
 Airstrike                Air            #.........   100%        4    #####..
 Olgreb's Toxic Radiance  Pois           #.......     100%        4    #####..
 Summon Ice Beast         Ice/Summ       #.......     100%        4    #####..
 Summon Lightning Spire   Summ/Air       #.......     100%        4    #####..
 Throw Icicle             Conj/Ice       #.......     100%        4    #####..
 Borgnjor's Vile Clutch   Necr/Erth      #.........   100%        5    ######.
 Lee's Rapid Deconstruct  Erth           #.........   100%        5    ######.
 Lightning Bolt           Conj/Air       #.........   100%        5    ######.
 Silence                  Hex/Air        #.........   100%        5    ######.
 Venom Bolt               Conj/Pois      #.........   100%        5    ######.
 Darkness                 Hex            #.........   100%        6    #######
 Hydra Form               Tmut           #.........   100%        6    #######
 Invisibility             Hex            #.......     100%        6    #######
 Shadow Creatures         Summ           N/A          100%        6    #######
 Statue Form              Tmut/Erth      #........    100%        6    #######
 Dragon Form              Tmut           #.........   100%        7    #######


Dungeon Overview and Level Annotations

Branches:
Dungeon (15/15)            Temple (1/1) D:5            Lair (6/6) D:11
 Shoals (4/4) Lair:4       Spider (4/4) Lair:2        Slime (0/5) Lair:5
    Orc (2/2) D:11            Elf (3/3) Orc:2        Vaults (4/5) D:13
  Crypt (0/3) Vaults:2     Depths (0/5) D:15

Altars:
Ashenzari
Elyvilon
Fedhas
Gozag
Kikubaaqudgha
Makhleb
Qazlal
Ru
Sif Muna
Uskayaw
Vehumet
Wu Jian
Yredelemnul
Beogh
Jiyva

Shops:
D:4 *?   D:11 =   D:14 *   Orc:2 }=}*   Elf:1 }==   Elf:2 *   Vaults:2 [
Vaults:3 [

Annotations:
D:8 2 runed translucent doors, luab's ghost, novice GnNe
Lair:1 exclusion: 2 oklob plants
Lair:2 1 runed translucent door, Zoobame's ghost, journeyman DEWz
Lair:4 2 transporters, exclusion: oklob plant, Tiagovsky's ghost, journeyman GrFi
Lair:5 1 runed translucent door, HolyGrifer's ghost, journeyman MiFi
Vaults:2 3 runed translucent doors, exclusion: obsidian statue, Lukheov's ghost, veteran DrWn


Innate Abilities, Weirdness & Mutations

You cannot be hasted, slowed, berserked, paralysed or teleported.
You can dig through walls and to a lower floor.
Your four strong arms can wield two-handed weapons with a shield.
You have a pair of large antennae on your head. (SInv)
You possess an exceptional clarity of mind.
You are robust. (+10% HP)
Potions are less effective at restoring your health.


Message History

The deep elf blademaster resists with almost no effort.
The deep elf knight looks frightened!
The deep elf archer resists with some effort.
The deep elf elementalist resists with almost no effort.
The deep elf death mage is infused with unholy energy.
* * * LOW HITPOINT WARNING * * *
The deep elf death mage draws life force from you and is healed!
The deep elf blademaster hits you but does no damage.
You block the deep elf blademaster's attack.
The earth elemental closely misses you.
Okay, then.
Okay, then.
Okay, then.
Evoke which item? (* to show all) (? for menu, Esc to quit)
Okay, then.
Okay, then.
As you read the scroll of fog, it crumbles to dust.
The scroll dissolves into smoke.
The deep elf blademaster hits you with a +0 short sword!
You die...

#,,#..#..#,,+{,,#..#..#..#*******
#,,#..#..#,,*,,,#..#..#,,,,,,,,,,
#,,#..#..#,,***+#..#..#,,,,,,,,,.
*,,#..#..#,,,,,,...#..#.,,,,,,,..
*,,#..#..#,,,,,,..{#..#.,******+*
*,,#..#..###########..#.,*,,,,,,,
*,,#..#..........E.e..'.,*,,,,,,,
*,{#..'........EE§....#..*,,,,,,,
*,,#..#########e@§#####..#######*
*,,#......(...EeeE.............,,
*,,#......((.e..E.............,,,
*,,#########)..E.############+###
,,,,,........(...................
,,,,,.......(....................
,,,,,............................
*****##.###############...#######
** *#.,,** **,** #...#,.....


You could see a deep elf blademaster, a deep elf death mage (fleeing), a deep
elf elementalist, a deep elf archer, a deep elf knight (fleeing) and 7 earth
elementals.

Vanquished Creatures
  Nikola (Shoals:1)
  A deep elf blademaster (Elf:3)
  A deep elf master archer (Elf:3)
  A sphinx (Vaults:3)
  A tengu reaver (Vaults:2)
  Roxanne (Spider:4)
  A storm dragon (Vaults:4)
  A fire giant (Vaults:3)
  2 ghost moths
  5 frost giants
  A deep elf sorcerer (Elf:3)
  3 emperor scorpions
  3 orc warlords
  Aizul (Vaults:1)
  9 vault wardens
  A deep elf elementalist (Elf:3)
  5 ironheart preservers
  A very ugly thing (Vaults:4)
  A stone giant (Vaults:4)
  5 entropy weavers
  2 deep elf demonologists
  Azrael (D:14)
  Nessos (D:13)
  A deep elf annihilator (Vaults:4)
  2 deep elf death magi
  An ettin (Vaults:4)
  A great orb of eyes (Vaults:3)
  2 merfolk javelineers
  3 fire dragons
  Josephine (D:14)
  3 yaktaur captains
  Erolcha (D:13)
  3 merfolk impalers
  6 vault guards
  Fannar (Orc:1)
  3 rakshasas
  Harold (D:9)
  2 hydras
  8 centaur warriors
  Erica (D:10)
  7 ice dragons
  2 alligator snapping turtles
  3 death knights
  2 merfolk aquamancers (Shoals:4)
  2 merfolk avatars
  13 ogre magi
  40 two-headed ogres
  A deep troll earth mage (Vaults:4)
  A satyr (Shoals:2)
  18 dancing weapons
  4 orc high priests (Orc:2)
  15 deep elf knights
  17 skeletal warriors
  A glowing orange brain (Vaults:4)
  6 sea snakes
  A storm dragon skeleton (Vaults:2)
  2 unseen horrors
  6 deep trolls
  A large abomination (Elf:3)
  A phantasmal warrior (D:14)
  11 deep elf archers
  4 wizards
  10 ironbrand convokers
  A tengu zombie (Vaults:4)
  Pikel (D:6)
  17 orc knights
  2 necromancers
  A wolf spider zombie (D:14)
  6 orc sorcerers
  An orb spider (shapeshifter) (Vaults:2)
  17 orb spiders
  16 harpies
  16 ugly things
  36 deep elf magi
  34 wolf spiders
  10 cyclopes
  17 elephants
  3 salamanders (Volcano)
  5 fauns
  4 centaur zombies
  3 merfolk sirens
  A stone giant skeleton (Vaults:2)
  Joseph (D:7)
  Maurice (D:12)
  16 manticores
  2 fire giant skeletons (Vaults:2)
  2 moths of wrath (Spider:4)
  A frost giant skeleton (Vaults:4)
  2 ice statues (IceCv)
  7 black mambas
  A naga mage (D:15)
  2 torpor snails (Spider:1)
  4 water nymphs
  10 vault sentinels
  2 human zombies (Vaults:3)
  3 gargoyles
  A spiny frog (shapeshifter) (D:15)
  12 spiny frogs
  2 rime drakes (IceCv)
  10 freezing wraiths
  An efreet (D:14)
  4 komodo dragons
  9 demonic crawlers
  26 yaktaurs
  A yaktaur skeleton (Vaults:2)
  33 jumping spiders
  A jumping spider (shapeshifter) (Vaults:4)
  3 wind drakes
  13 trolls
  20 merfolk
  A queen bee (D:8)
  Grinder (D:6)
  3 meliai
  17 hornets
  6 polar bears (Lair:6)
  7 hippogriffs
  3 raiju (Abyss:3)
  11 dream sheep
  9 slime creatures
  14 blink frogs
  An air elemental (Elf:3)
  5 snapping turtles
  A fire giant simulacrum (Vaults:1)
  69 redbacks
  14 spriggans (Lair:6)
  A yak (shapeshifter) (D:13)
  57 yaks
  9 water elementals
  5 shadows
  4 wraiths
  24 tarantellas
  5 wyverns
  5 hogs
  2 basilisks (shapeshifter)
  4 fire elementals
  3 steam dragons (Volcano)
  15 humans (D:12)
  6 basilisks
  9 fire bats (Volcano)
  8 wargs
  4 hungry ghosts
  Menkaure (D:6)
  A yaktaur simulacrum (Vaults:2)
  A soldier ant (D:14)
  6 porcupines
  2 acid dragons
  10 water moccasins
  A hell hound (D:14)
  55 orc warriors
  A necrophage (D:11)
  3 sky beasts
  26 ice beasts
  2 black bears (Lair:6)
  44 ogres
  A phantom (D:14)
  An ettin simulacrum (Vaults:3)
  4 boggarts
  35 wolves
  12 centaurs
  13 crocodiles
  6 human skeletons (Vaults:2)
  A big kobold (D:8)
  2 elf skeletons
  18 bullfrogs
  Blork the orc (D:8)
  A gnoll sergeant (D:8)
  A deep troll simulacrum (Vaults:4)
  5 scorpions
  An elf simulacrum (Vaults:4)
  20 killer bees
  20 wights
  A vampire bat (D:14)
  3 howler monkeys (D:7)
  3 electric eels
  10 crimson imps
  A bullfrog zombie (D:11)
  A human simulacrum (Vaults:3)
  4 hounds
  A gnoll shaman (D:4)
  4 jellies
  4 centaur skeletons
  31 orc priests
  22 orc wizards
  4 iguanas
  Natasha (thrice) (D:4)
  9 worker ants
  A hound zombie (D:8)
  3 gnolls (D:4)
  A howler monkey skeleton (D:8)
  14 adders
  3 shadow imps
  2 oozes
  An adder zombie (D:5)
  An adder skeleton (D:8)
  2 dart slugs
  4 leopard geckos
  113 orcs
  7 giant cockroaches
  7 goblins
  5 hobgoblins
  3 jackals (D:11)
  15 kobolds
  6 quokkas
  A ball python (D:3)
  18 bats
  2 frilled lizards
  5 rats (D:1)
  A crawling corpse (Elf:3)
  3 fungi
  14 plants
1589 creatures vanquished.

Vanquished Creatures (collateral kills)
  Arachne (Spider:2)
  Jorgrun (Shoals:1)
  Asterion (Spider:2)
  Kirke (Lair:5)
  A frost giant (Shoals:4)
  2 ghost moths (Spider:4)
  A deep elf sorcerer (Elf:3)
  7 emperor scorpions
  2 ironheart preservers (Vaults:4)
  An entropy weaver (Spider:1)
  3 deep elf annihilators (Elf:3)
  A merfolk javelineer (Shoals:4)
  A deep elf death mage (Elf:3)
  6 merfolk impalers (Shoals:4)
  A vault guard (Vaults:3)
  2 great orbs of eyes
  A hydra (Lair:2)
  An alligator snapping turtle (Shoals:4)
  A centaur warrior (Vaults:1)
  A two-headed ogre (Vaults:3)
  A dancing weapon (Elf:2)
  A satyr (Shoals:4)
  A deep elf knight (Elf:1)
  3 sea snakes
  A skeletal warrior (Vaults:2)
  A flayed ghost (Vaults:4)
  A wizard (Vaults:3)
  An ironbrand convoker (Vaults:3)
  2 deep elf archers
  5 harpies
  An orc knight (Vaults:1)
  8 wolf spiders
  2 deep elf magi
  4 orb spiders
  2 cyclopes
  2 ugly things
  2 fauns (Shoals:3)
  5 manticores
  4 water nymphs
  2 merfolk sirens
  A vault sentinel (Vaults:1)
  A freezing wraith (Vaults:4)
  A rime drake (Lair:2)
  2 demonic crawlers
  9 merfolk
  6 wind drakes
  A polar bear (shapeshifter) (Elf:3)
  A hornet (Lair:6)
  A raiju (shapeshifter) (Vaults:3)
  7 jumping spiders
  4 blink frogs
  A snapping turtle (Shoals:3)
  A dream sheep (Shoals:3)
  15 redbacks
  A wyvern (Volcano)
  An air elemental (Elf:3)
  A water elemental (Shoals:3)
  5 tarantellas
  A fire bat (Volcano)
  2 hell hounds (D:14)
  2 orc warriors (Orc:2)
  An ogre (Volcano)
  A wolf (Lair:6)
  A crocodile (Lair:1)
  5 orc priests (Orc:2)
  3 orcs
  2 plants (Shoals:4)
162 creatures vanquished.

Vanquished Creatures (others)
  A deep elf knight (Elf:1)
  A yaktaur (Vaults:4)
  A human (D:13)
  A steam dragon (Volcano)
  An ice beast (D:6)
  A slave (D:6)
  An orc warrior (Orc:2)
  An ogre (D:6)
  An orc priest (Vaults:4)
  An orc wizard (D:7)
  A quokka (D:7)
  9 fungi
  9 plants
29 creatures vanquished.

Grand Total: 1780 creatures vanquished

Notes
Turn   | Place    | Note
-------+----------+-------------------------------------------
     0 | D:1      | PikkenKukken the Formicid Fighter began the quest for the
                  | Orb.
     0 | D:1      | Reached XP level 1. HP: 18/18 MP: 1/1
   146 | D:1      | Reached XP level 2. HP: 24/24 MP: 2/2
   372 | D:1      | Reached XP level 3. HP: 25/29 MP: 3/3
   742 | D:2      | Found a blossoming altar of Fedhas.
   835 | D:2      | Found a white marble altar of Elyvilon.
  1018 | D:2      | Found a hide-covered altar of Uskayaw.
  1018 | D:2      | Found a blossoming altar of Fedhas.
  1224 | D:2      | Reached XP level 4. HP: 27/35 MP: 4/4
  1230 | D:2      | Reached skill level 1 in Dodging
  1624 | D:3      | Reached skill level 3 in Axes
  1848 | D:3      | Reached XP level 5. HP: 42/42 MP: 5/5
  1970 | D:3      | Found a faded altar of an unknown god.
  2378 | D:4      | Found Elaumy's Magic Scroll Shop.
  2386 | D:4      | Bought a scroll of magic mapping for 38 gold pieces
  2386 | D:4      | Bought a scroll of identify for 22 gold pieces
  2386 | D:4      | Bought a scroll of identify for 22 gold pieces
  2386 | D:4      | Bought a scroll of identify for 22 gold pieces
  2386 | D:4      | Bought a scroll of identify for 22 gold pieces
  2446 | D:4      | Found a stormy altar of Qazlal.
  2518 | D:4      | Found Gaofreis's Assorted Antiques.
  2542 | D:4      | Noticed Natasha
  2561 | D:4      | Killed Natasha
  2671 | D:4      | Reached XP level 6. HP: 23/48 MP: 6/6
  2709 | D:4      | Noticed Natasha
  2926 | D:4      | Killed Natasha
  2926 | D:4      | Reached skill level 1 in Evocations
  3275 | D:4      | Noticed Natasha
  3290 | D:4      | Killed Natasha
  3290 | D:4      | Reached skill level 4 in Axes
  3362 | D:5      | Entered Level 5 of the Dungeon
  3390 | D:5      | Reached XP level 7. HP: 52/54 MP: 6/8
  3575 | D:5      | Reached skill level 5 in Shields
  3634 | D:5      | Found a staircase to the Ecumenical Temple.
  3643 | Temple   | Entered the Ecumenical Temple
  3647 | Temple   | Became a worshipper of Makhleb the Destroyer
  3778 | D:5      | Found a basalt altar of Yredelemnul.
  3803 | D:5      | Got a clouded diamond amulet
  3804 | D:5      | Identified the amulet of Kyosurej {rF+ Regen+ Slay+2} (You
                  | found it on level 5 of the Dungeon)
  4110 | D:6      | Noticed Grinder
  4118 | D:6      | Killed Grinder
  4118 | D:6      | Reached skill level 5 in Axes
  4118 | D:6      | Reached skill level 5 in Armour
  4118 | D:6      | Reached skill level 1 in Invocations
  4118 | D:6      | Reached XP level 8. HP: 61/61 MP: 9/9
  4191 | D:6      | Noticed Pikel
  4221 | D:6      | Killed Pikel
  4221 | D:6      | Reached skill level 5 in Fighting
  4221 | D:6      | Reached XP level 9. HP: 14/68 MP: 9/11
  4224 | D:6      | Reached skill level 6 in Axes
  4523 | D:6      | Noticed Menkaure
  4532 | D:6      | Killed Menkaure
  4633 | D:4      | Bought a transparent brass ring for 135 gold pieces
  4634 | D:4      | Identified the cursed ring of Pauhuats {AC-5 Int+2} (You
                  | bought it in a shop on level 4 of the Dungeon)
  5483 | D:7      | Noticed a hornet
  5518 | D:7      | Killed a hornet
  5523 | D:7      | Reached skill level 7 in Axes
  5816 | D:7      | Noticed Joseph
  5836 | D:7      | Killed Joseph
  5836 | D:7      | Reached XP level 10. HP: 31/76 MP: 13/13
  6061 | D:8      | Noticed a two-headed ogre
  6072 | D:8      | Killed a two-headed ogre
  6166 | D:8      | Reached skill level 5 in Evocations
  6174 | D:8      | Found a large runed translucent door.
  6174 | D:8      | Found a large runed translucent door.
  6178 | D:8      | Noticed luab's ghost (novice GnNe)
  6253 | D:8      | Reached * piety under Makhleb
  6273 | D:8      | Reached skill level 5 in Invocations
  6329 | D:8      | Reached skill level 8 in Axes
  6409 | D:8      | Noticed Blork the orc
  6460 | D:8      | Killed Blork the orc
  6745 | D:8      | Reached skill level 5 in Dodging
  6872 | D:8      | Reached XP level 11. HP: 84/84 MP: 15/15
  6984 | D:8      | Found a shattered altar of Ashenzari.
  7167 | D:9      | Noticed Harold
  7189 | D:9      | Killed Harold
  7293 | D:9      | Reached ** piety under Makhleb
  7366 | D:9      | Noticed a two-headed ogre
  7373 | D:9      | Reached skill level 9 in Axes
  7385 | D:9      | Killed a two-headed ogre
  7539 | D:9      | Found a basalt altar of Yredelemnul.
  7882 | D:10     | Entered Level 10 of the Dungeon
  8138 | D:10     | Got a spiked ring mail
  8149 | D:10     | Identified the +5 ring mail of Space {rC+ Str+3} (You found
                  | it on level 10 of the Dungeon)
  8233 | D:10     | Noticed Erica
  8252 | D:10     | Killed Erica
  8500 | D:11     | Found Kafimodi's Jewellery Shoppe.
  8511 | D:11     | Found a gate leading to a gauntlet.
  8514 | Gauntlet | Entered a Gauntlet
  8514 | Gauntlet | Found a transporter.
  8514 | Gauntlet | Found a transporter.
  8514 | Gauntlet | Found a transporter.
  8514 | Gauntlet | Noticed a shining eye
  8515 | Gauntlet | Found a transporter.
  8518 | Gauntlet | Found a transporter.
  8518 | Gauntlet | Found a transporter.
  8528 | Gauntlet | Found a transporter.
  8532 | Gauntlet | Found a transporter.
  8532 | Gauntlet | Noticed a deep troll
  8532 | Gauntlet | a dream sheep changed into a deep troll
  8533 | Gauntlet | a deep troll changed into a floating eye
  8541 | Gauntlet | Noticed a green death
  8542 | Gauntlet | Found a transporter.
  8542 | Gauntlet | Found a transporter.
  8543 | Gauntlet | Found a transporter.
  8543 | Gauntlet | Found a transporter.
  8543 | Gauntlet | Noticed a reaper
  8688 | D:11     | Found a staircase to the Orcish Mines.
  8698 | D:11     | Reached *** piety under Makhleb
  8868 | D:11     | Found a staircase to the Lair.
  8915 | D:11     | Reached XP level 12. HP: 92/92 MP: 17/17
  8933 | D:11     | Reached skill level 10 in Axes
  9034 | D:11     | Noticed a two-headed ogre
  9047 | D:11     | Killed a two-headed ogre
  9436 | Lair:1   | Entered Level 1 of the Lair of Beasts
 10054 | Lair:2   | Found a hole to the Spider Nest.
 10110 | Lair:2   | Noticed Zoobame's ghost (journeyman DEWz)
 10116 | Lair:2   | Found a runed translucent door.
 10123 | Lair:2   | Reached **** piety under Makhleb
 10492 | Lair:2   | Reached skill level 11 in Axes
 10504 | Lair:2   | Reached XP level 13. HP: 101/101 MP: 19/19
 10831 | Lair:2   | Reached skill level 10 in Shields
 11020 | Lair:2   | Noticed an eight-headed hydra
 11032 | Lair:2   | Killed an eight-headed hydra
 11193 | Lair:2   | Noticed a five-headed hydra
 11206 | Lair:2   | Killed a six-headed hydra
 12421 | Lair:3   | Reached ***** piety under Makhleb
 12441 | Lair:3   | Reached skill level 10 in Armour
 12443 | Lair:3   | Reached skill level 12 in Axes
 13210 | Lair:4   | Noticed an eight-headed hydra
 13224 | Lair:4   | Killed an eight-headed hydra
 13224 | Lair:4   | Reached skill level 10 in Fighting
 13324 | Lair:4   | Gained mutation: You are robust. (+10% HP) [potion of
                  | mutation]
 13324 | Lair:4   | Gained mutation: Potions are less effective at restoring
                  | your health. [potion of mutation]
 13324 | Lair:4   | Gained mutation: You possess an exceptional clarity of
                  | mind. [potion of mutation]
 13393 | Lair:4   | Reached XP level 14. HP: 89/121 MP: 21/21
 13637 | Lair:4   | Found a transporter.
 13642 | Lair:4   | Noticed Tiagovsky's ghost (journeyman GrFi)
 13648 | Lair:4   | Found a transporter.
 13664 | Lair:4   | Found a staircase to the Shoals.
 14087 | Lair:5   | Reached skill level 10 in Invocations
 14145 | Lair:5   | Noticed Kirke
 14310 | Lair:5   | Killed Kirke
 14389 | Lair:5   | Found a runed translucent door.
 14392 | Lair:5   | Noticed HolyGrifer's ghost (journeyman MiFi)
 14476 | Lair:5   | You fall through a shaft!
 14476 | Lair:6   | Entered Level 6 of the Lair of Beasts
 14543 | Lair:6   | Found a dark tunnel.
 14548 | Volcano  | Entered a volcano
 14761 | Volcano  | Reached skill level 13 in Axes
 15382 | Lair:5   | Found a viscous altar of Jiyva.
 15382 | Lair:5   | Found a staircase to the Slime Pits.
 15950 | Lair:6   | Reached XP level 15. HP: 128/128 MP: 23/23
 16446 | Lair:6   | Reached ****** piety under Makhleb
 16677 | Lair:6   | Found the +3 robe of Folly {Archmagi, MR-- Int+5}
 17095 | D:12     | Noticed Maurice
 17099 | D:12     | Killed Maurice
 17178 | D:12     | Found an ornate altar of the Wu Jian Council.
 17281 | D:12     | Found a sacrificial altar of Ru.
 17561 | Orc:1    | Entered Level 1 of the Orcish Mines
 17791 | Orc:1    | Noticed Fannar
 17812 | Orc:1    | Killed Fannar
 18023 | Orc:1    | Found a frozen archway.
 18048 | IceCv    | Entered an ice cave
 18088 | IceCv    | Reached skill level 14 in Axes
 18400 | IceCv    | Got a sparkling glass ring
 18414 | IceCv    | Identified the ring "Eroheaf" {Dex+3 SInv} (You found it in
                  | an ice cave)
 19291 | Orc:2    | Entered Level 2 of the Orcish Mines
 19842 | Orc:2    | Reached XP level 16. HP: 138/138 MP: 24/24
 19946 | Orc:2    | Found a staircase to the Elven Halls.
 20190 | Orc:2    | Found Xobb's Gadget Emporium.
 20213 | Orc:2    | Found Sauma's Jewellery Shoppe.
 20302 | Orc:2    | Found a roughly hewn altar of Beogh.
 21143 | Orc:2    | Found Zifygi's Gadget Shop.
 21225 | Orc:2    | Found a roughly hewn altar of Beogh.
 21312 | Orc:2    | Found Ikuryaplamn's General Store.
 21335 | Orc:2    | Bought a potion of degeneration for 15 gold pieces
 21564 | Orc:2    | Bought the ring of Robustness {AC+8} for 1920 gold pieces
 21564 | Orc:2    | Found the ring of Robustness {AC+8}
 21636 | D:11     | Bought an uncursed ring of poison resistance for 340 gold
                  | pieces
 21680 | D:13     | Found a gate to the Vaults.
 21680 | D:13     | Noticed Nessos
 22170 | D:13     | Killed Nessos
 22177 | D:13     | Reached skill level 10 in Dodging
 22293 | D:13     | Found a white marble altar of Elyvilon.
 22579 | D:13     | Noticed Erolcha
 22587 | D:13     | Killed Erolcha
 22785 | D:13     | Reached skill level 15 in Axes
 23384 | D:14     | Found Kawn's Evil Emporium.
 23384 | D:14     | Found an ancient bone altar of Kikubaaqudgha.
 23448 | D:14     | Noticed Azrael
 23464 | D:14     | Killed Azrael
 23618 | D:14     | Learned a level 4 spell: Passage of Golubria
 23656 | D:14     | Reached XP level 17. HP: 146/146 MP: 26/26
 23714 | D:14     | Noticed Josephine
 23734 | D:14     | Killed Josephine
 23737 | D:14     | Reached skill level 1 in Spellcasting
 23966 | D:15     | Entered Level 15 of the Dungeon
 24045 | D:15     | Found a deep blue altar of Sif Muna.
 24186 | D:15     | Reached skill level 1 in Translocations
 24341 | D:15     | Learned a level 1 spell: Animate Skeleton
 24466 | D:15     | Cast into level 3 of the Abyss (a wizard)
 24515 | D:15     | Escaped the Abyss
 24541 | D:15     | Found a staircase to the Depths.
 24547 | D:15     | Reached skill level 1 in Necromancy
 24847 | Spider:1 | Entered Level 1 of the Spider Nest
 26364 | Spider:2 | Noticed Arachne
 26378 | Spider:2 | Killed Arachne
 26385 | Spider:2 | Upgraded the game from 0.23.0-28-g6fe0f4dc8b to
                  | 0.23.0-33-g5e6c059fef
 26634 | Spider:1 | Reached XP level 18. HP: 131/156 MP: 27/27
 27004 | Spider:2 | Noticed Asterion
 27013 | Spider:2 | Killed Asterion
 28020 | Spider:3 | Got a twisted scale mail
 28021 | Spider:3 | Identified the +1 scale mail of Puilischagal {rPois rC+
                  | SInv} (You found it on level 3 of the Spider Nest)
 28112 | Spider:3 | Reached skill level 16 in Axes
 28256 | Spider:3 | Got a scorched fustibalus
 28264 | Spider:3 | Identified the +4 fustibalus of Gravity {freeze, Str+6
                  | Int-4} (You found it on level 3 of the Spider Nest)
 28483 | Spider:4 | Entered Level 4 of the Spider Nest
 28728 | Spider:4 | Identified Roxanne's Almanac of Transformation
 28728 | Spider:4 | Noticed Roxanne
 28759 | Spider:4 | Killed Roxanne
 29810 | Spider:4 | Got a gossamer rune of Zot
 29851 | Spider:4 | Reached XP level 19. HP: 140/163 MP: 10/29
 30265 | Shoals:1 | Entered Level 1 of the Shoals
 30274 | Shoals:1 | Noticed Nikola
 30274 | Shoals:1 | Noticed Jorgrun
 30284 | Shoals:1 | Killed Nikola
 30290 | Shoals:1 | Killed Jorgrun
 32967 | Shoals:3 | Reached skill level 17 in Axes
 33203 | Shoals:4 | Entered Level 4 of the Shoals
 33810 | Shoals:4 | Reached skill level 15 in Shields
 33909 | Shoals:4 | Got a barnacled rune of Zot
 34236 | Shoals:4 | Reached XP level 20. HP: 117/173 MP: 30/30
 34312 | Shoals:4 | Found the +8 demon trident "Rift" {distort, reach+}
 34767 | Vaults:1 | Entered Level 1 of the Vaults
 35041 | Vaults:1 | Noticed Aizul
 35054 | Vaults:1 | Killed Aizul
 36652 | Vaults:2 | Found a runed translucent gate.
 36652 | Vaults:2 | Found a runed translucent gate.
 36652 | Vaults:2 | Found a runed translucent gate.
 36654 | Vaults:2 | Found an opulent altar of Gozag.
 36655 | Vaults:2 | Noticed Lukheov's ghost (veteran DrWn)
 37263 | Vaults:2 | Reached skill level 18 in Axes
 37402 | Vaults:2 | Found a shattered altar of Ashenzari.
 37577 | Vaults:2 | Reached skill level 15 in Invocations
 37605 | Vaults:2 | Reached XP level 21. HP: 182/182 MP: 32/32
 37686 | Vaults:2 | Found a staircase to the Crypt.
 38164 | Vaults:2 | Found Gieh's Antique Armour Emporium.
 38172 | Vaults:2 | Bought a scorched chain mail for 304 gold pieces
 38172 | Vaults:2 | Identified the cursed +1 chain mail "Eninwuc" {Dex+2} (You
                  | bought it in a shop on level 2 of the Vaults)
 38766 | Vaults:3 | Identified the +1 scale mail "Umopt" {Str-5 Int-4 Dex+8
                  | SInv} (You found it on level 3 of the Vaults)
 39220 | Vaults:3 | Reached skill level 15 in Fighting
 39278 | Vaults:3 | Reached skill level 15 in Armour
 39439 | Vaults:3 | Reached skill level 10 in Evocations
 39991 | Vaults:3 | Found Wygadisk's Armour Shop.
 40797 | Vaults:4 | Reached XP level 22. HP: 134/192 MP: 33/33
 41579 | Vaults:4 | Reached skill level 19 in Axes
 42519 | Elf:1    | Entered Level 1 of the Elven Halls
 43025 | Elf:1    | You fall through a shaft!
 43025 | Elf:2    | Found Boxair's Assorted Antiques.
 43035 | Elf:2    | Bought a scroll of enchant armour for 180 gold pieces
 43853 | Elf:1    | Found Misas's Gadget Boutique.
 43853 | Elf:1    | Found Jics's Jewellery Shoppe.
 43854 | Elf:1    | Found Othoac's Jewellery Shoppe.
 44094 | Elf:2    | Found a huge runed translucent gate.
 44094 | Elf:2    | Found a huge runed translucent gate.
 44094 | Elf:2    | Found a huge runed translucent gate.
 44095 | Elf:2    | Found a huge runed translucent gate.
 44097 | Elf:2    | Found a huge runed translucent gate.
 44986 | Elf:3    | Entered Level 3 of the Elven Halls
 45341 | Elf:3    | Reached XP level 23. HP: 99/201 MP: 35/35
 45492 | Elf:3    | HP: 2/202 [deep elf death mage/vampiric draining (24)]
 45493 | Elf:3    | Mangled by a deep elf blademaster

Skill      XL: |  1  2  3  4  5  6  7  8  9 10 11 12 13 14 15 16 17 18 19 20 21 22 23 |
---------------+----------------------------------------------------------------------+-----
Shields        | 4 5 6 7 8 9 10 11 12 13 14 15 | 15.0
Dodging        | 1 2 3 4 5 6 7 8 9 10 11 12 13 | 13.6
Axes           | 3 4 5 7 8 9 11 12 13 14 15 16 17 18 19 | 19.7
Armour         | 4 5 6 7 8 9 10 11 12 13 14 15 | 15.9
Fighting       | 4 5 6 7 8 9 10 11 12 13 14 15 16 | 16.0
Evocations     | 1 2 3 4 5 6 7 9 10 | 10.7
Invocations    | 1 2 4 5 7 8 9 10 11 12 13 14 15 16 | 16.0
Spellcasting   | 3 4 |  4.0
Translocations | 3 |  3.4
Necromancy     | 2 3 |  3.2

Action                   |  1- 3 |  4- 6 |  7- 9 | 10-12 | 13-15 | 16-18 | 19-21 | 22-24 || total
-------------------------+-------+-------+-------+-------+-------+-------+-------+-------++-------
Melee: War axe           |   107 |   183 |   284 |   317 |       |       |       |       ||   891
       Battleaxe         |       |       |       |   362 |  1094 |  1441 |  1481 |   575 ||  4953
       Morningstar       |       |       |       |       |    10 |       |       |       ||    10
       Unarmed           |       |       |       |       |     4 |       |       |       ||     4
Throw: Throwing net      |       |       |       |     3 |       |       |       |       ||     3
 Cast: Animate Skeleton  |       |       |       |       |       |       |   104 |    24 ||   128
Invok: Lesser Servant of |       |       |       |     1 |     9 |    17 |    12 |     5 ||    44
       Greater Servant o |       |       |       |       |       |    10 |     7 |     3 ||    20
 Abil: Dig               |       |       |    10 |    12 |    24 |    11 |     3 |     4 ||    64
       Evoke Invisibilit |       |       |       |       |       |       |     2 |       ||     2
Evoke: Wand              |       |       |       |     9 |    14 |    28 |    24 |     2 ||    77
       Sack of spiders   |       |       |       |       |       |       |     1 |     1 ||     2
       Lamp of fire      |       |       |       |       |       |       |     1 |       ||     1
  Use: Scroll            |     1 |    10 |     5 |     9 |    13 |     6 |     8 |     7 ||    59
       Potion            |       |       |     2 |     2 |     3 |     2 |     3 |     1 ||    13
 Stab: Paralysed         |       |       |       |    12 |       |     3 |       |       ||    15
       Distracted        |       |       |       |       |     1 |    12 |    17 |     1 ||    31
       Invisible         |       |       |       |       |       |       |     2 |       ||     2
  Eat: Chunk             |     1 |     7 |     7 |    13 |    18 |    23 |    25 |    10 ||   104
       Ration            |       |       |     3 |     1 |     6 |     4 |     4 |     2 ||    20
Armor: Scale mail        |    53 |    13 |       |       |       |       |       |       ||    66
       Chain mail        |       |    97 |   123 |   134 |    28 |       |       |       ||   382
       Ring mail         |       |       |       |    70 |   285 |   642 |   381 |       ||  1378
       Plate armour      |       |       |       |       |       |       |    16 |   191 ||   207
Dodge: Dodged            |    52 |    72 |    97 |   320 |   601 |   829 |   768 |   185 ||  2924
Block: Shield            |    66 |   148 |   144 |   384 |   730 |  1146 |   954 |   306 ||  3878
